[Event "*** Titled Tuesday 3|2 Blitz"]
[Site "Chess.com"]
[Date "2016.09.06"]
[Round "1"]
[White "putinwarrior"]
[Black "OparinGrigoriy"]
[Result "0-1"]
[WhiteElo "2332"]
[BlackElo "2608"]
[TimeControl "180+2"]
[EndTime "11:03:11 PDT"]
[Termination "OparinGrigoriy won by resignation"]

1. e4 c5 2. c3 Nf6 3. e5 Nd5 4.
Nf3 e6 5. g3 d6 6. exd6 Bxd6 7.
Bg2 O-O 8. O-O Nc6 9. d3 b6 10. a4 Bb7 11. Na3 Bc7 12. Re1 a6 13. Qc2 Nde7 14. h4 h6 15. Bf4 Bxf4 16. gxf4 Nf5 17. h5 Nce7 18. Rad1 Bxf3 19. Bxf3 Nd5 20. Re5 Nxf4 21.
Bxa8 Qg5+ 22. Kf1 Rxa8 23. Ke1 Rd8 24. Nc4 b5 25. axb5 axb5 26. Ne3 Nxe3 27. Rxe3 Qg1+ 28.
Kd2 Qxf2+ 0-1

[Event "*** Titled Tuesday 3|2 Blitz"]
[Site "Chess.com"]
[Date "2016.09.06"]
[Round "1"]
[White "igorkovalenko"]
[Black "Usurpov"]
[Result "1-0"]
[WhiteElo "2599"]
[BlackElo "2330"]
[TimeControl "180+2"]
[EndTime "11:03:43 PDT"]
[Termination "igorkovalenko won by resignation"]

1. e4 c5 2. Nf3 Nc6 3. Bb5 e6 4. Bxc6 bxc6 5. Qe2 Ne7 6. b3 Ng6 7. Bb2 f6 8. g3 e5 9. d3 Be7 10. h4 d5 11. h5 Nf8 12. Nh4 Ne6 13. Nf5 O-O 14. Nd2 a5 15. Qg4 Kh8 16. Nf3 Rf7 17. Kf1 a4 18. Kg2 Bd7 19. N3h4 Bf8 20. Ng6+ Kg8 21.
Nh6+ gxh6 22. Ne7+ 1-0

[Event "*** Titled Tuesday 3|2 Blitz"]
[Site "Chess.com"]
[Date "2016.09.06"]
[Round "1"]
[White "Alexander_Donchenko"]
[Black "Jahonas"]
[Result "1-0"]
[WhiteElo "2492"]
[BlackElo "2179"]
[TimeControl "180+2"]
[EndTime "11:03:46 PDT"]
[Termination "Alexander_Donchenko won by resignation"]

1. d4 e6 2. c4 Nf6 3. g3 b6 4.
Bg2 c6 5. e4 Ba6 6. e5 Ng8 7.
b3 d5 8. exd6 Bxd6 9. Nf3 Nf6 10. O-O O-O 11. Bb2 Nbd7 12. Ne5 Qc7 13. Nxc6 Bb7 14.
d5 exd5 15. cxd5 Bxc6 16. dxc6 Ne5 17. Nc3 Rad8 18. Nb5 Qb8 19. Nxd6 Rxd6 20. Bxe5 Rxd1 21. Bxb8 Rxf1+ 22. Kxf1 Rxb8 23. c7 Rc8 24. Rd1 1-0

[Event "*** Titled Tuesday 3|2 Blitz"]
[Site "Chess.com"]
[Date "2016.09.06"]
[Round "1"]
[White "Makalexa"]
[Black "semiks"]
[Result "0-1"]
[WhiteElo "2180"]
[BlackElo "2502"]
[TimeControl "180+2"]
[EndTime "11:04:14 PDT"]
[Termination "semiks won by resignation"]

1. e4 d5 2. exd5 Qxd5 3. Nf3 Nf6 4. Nc3 Qa5 5. Bc4 Bg4 6. O-O Nbd7 7. h3 Bxf3 8. Qxf3 c6 9. Re1 Ne5 10. Qe2 Nxc4 11. Qxc4 e6 12. d3 Bd6 13. Bd2 Qc7 14.
Ne4 Bh2+ 15. Kh1 Nxe4 16. Qxe4 Bd6 17. d4 O-O 18. c3 Qb6 19. b3 Rad8 20. Qg4 Qc7 21.
Bh6 f5 22. Qg5 Rf6 23. Rxe6 Rxe6 24. Bxg7 Rg6 0-1

[Event "*** Titled Tuesday 3|2 Blitz"]
[Site "Chess.com"]
[Date "2016.09.06"]
[Round "1"]
[White "jb2mix"]
[Black "CraiggoryC"]
[Result "1-0"]
[WhiteElo "2429"]
[BlackElo "2025"]
[TimeControl "180+2"]
[EndTime "11:04:14 PDT"]
[Termination "jb2mix won by resignation"]

1. e4 e6 2. d4 d5 3. Nd2 Be7 4.
e5 c5 5. c3 Nc6 6. Bd3 cxd4 7.
cxd4 Nh6 8. Ne2 O-O 9. O-O Nf5 10. Nf3 Kh8 11. a3 g5 12. h3 a5 13. Bb1 Rg8 14. g4 Nh4 15. Nxh4 gxh4 16. Qd3 Rg7 17. Bh6 Qg8 18.
Bxg7+ Qxg7 19. f4 f5 20. Kh1 b6 21. gxf5 Ba6 22. f6 Bxf6 23. exf6 1-0

[Event "*** Titled Tuesday 3|2 Blitz"]
[Site "Chess.com"]
[Date "2016.09.06"]
[Round "1"]
[White "ilya261991"]
[Black "saraswathii"]
[Result "1-0"]
[WhiteElo "2441"]
[BlackElo "2083"]
[TimeControl "180+2"]
[EndTime "11:04:42 PDT"]
[Termination "ilya261991 won by resignation"]

1. d4 Nc6 2. c4 e5 3. d5 Nce7 4. h4 Nf6 5. Nc3 g6 6. e4 d6 7. Be2 h5 8. Nh3 Bg7 9. Ng5 a6 10. f3 c6 11. Be3 Qc7 12. Qd2 c5 13. a3 b6 14. b4 Bd7 15. Rb1 O-O 16. O-O a5 17.
bxc5 bxc5 18. Bd1 Nh7 19. Ba4 Rab8 20. Bxd7 Qxd7 21. Nb5 Ra8 22. a4 Nxg5 23. hxg5 f5 24. gxf6 Rxf6 25. Rb3 Kh7 26. Rfb1 Rf7 27. Nc3 Ra7 28.
Bg5 Ng8 29. Rb8 Nh6 30. Rd8 Qc7 31. Rbb8 Rb7 32. Rbc8 Qb6 33. Bxh6 Bxh6 34. Rh8+ 1-0

[Event "*** Titled Tuesday 3|2 Blitz"]
[Site "Chess.com"]
[Date "2016.09.06"]
[Round "1"]
[White "Kawhi_Leonard2"]
[Black "Maitreia"]
[Result "0-1"]
[WhiteElo "1992"]
[BlackElo "2415"]
[TimeControl "180+2"]
[EndTime "11:05:03 PDT"]
[Termination "Maitreia won by resignation"]

1. e4 c5 2. Nf3 d6 3. d4 cxd4 4. Nxd4 Nf6 5. Nc3 g6 6. Be3 Bg7 7. f3 O-O 8. Qd2 Nc6 9. O-O-O Bd7 10. g4 Rc8 11. h4 h5 12. g5 Ne8 13. f4 Nc7 14. Bh3 Ne6 15. Nde2 b6 16. f5 Nc5 17.
fxg6 fxg6 18. Kb1 Bxh3 19. Rxh3 Kh7 20. Nf4 Qd7 21. Rhh1 Ne5 22. Qe2 Ng4 23. Bd4 Rxf4 24. Bxg7 Kxg7 25. e5 Nxe5 26. Nd5 Rf7 27. Rhe1 Qg4 0-1

[Event "*** Titled Tuesday 3|2 Blitz"]
[Site "Chess.com"]
[Date "2016.09.06"]
[Round "1"]
[White "goingin33"]
[Black "Mischuk_D"]
[Result "0-1"]
[WhiteElo "2132"]
[BlackElo "2489"]
[TimeControl "180+2"]
[EndTime "11:05:15 PDT"]
[Termination "Mischuk_D won by resignation"]

1. e4 e5 2. Nf3 Nc6 3. Nc3 g6 4. d4 exd4 5. Nxd4 Bg7 6. Be3 Nf6 7. f3 O-O 8. Qd2 d5 9. Nxc6 bxc6 10. O-O-O Be6 11.
e5 Nd7 12. f4 Nb6 13. Bc5 Re8 14. h4 h5 15. Be2 Qd7 16. Bd3 Bg4 17. Rdf1 Bh6 18.
Qe3 Rad8 19. Ne2 d4 20. Nxd4 Qd5 21. Nf3 Qxa2 22. Ba3 Nc4 0-1

[Event "*** Titled Tuesday 3|2 Blitz"]
[Site "Chess.com"]
[Date "2016.09.06"]
[Round "1"]
[White "Haykos"]
[Black "Gabrielian_Artur"]
[Result "0-1"]
[WhiteElo "2219"]
[BlackElo "2510"]
[TimeControl "180+2"]
[EndTime "11:05:27 PDT"]
[Termination "Gabrielian_Artur won by resignation"]

1. e4 c5 2. Nf3 d6 3. Bb5+ Nd7 4. d4 cxd4 5. Qxd4 a6 6. Bxd7+ Bxd7 7. c4 Nf6 8. Nc3 g6 9. Bg5 Bg7 10. O-O h6 11. Bh4 O-O 12. Rfe1 Bc6 13. Rad1 g5 14. e5 dxe5 15. Qxd8 Raxd8 16. Bg3 Bxf3 17. gxf3 Nd7 18. Rd5 e6 19. Rd6 Nc5 20. Rxd8 Rxd8 21. Bxe5 Nd3 22. Bc7 Rc8 23. Re3 Nxb2 24. Bg3 Nxc4 25. Rd3 Nb2 0-1

[Event "*** Titled Tuesday 3|2 Blitz"]
[Site "Chess.com"]
[Date "2016.09.06"]
[Round "1"]
[White "Mastervlad8"]
[Black "tigra"]
[Result "0-1"]
[WhiteElo "2118"]
[BlackElo "2440"]
[TimeControl "180+2"]
[EndTime "11:05:35 PDT"]
[Termination "tigra won by resignation"]

1. e4 c5 2. Nf3 g6 3. d4 cxd4 4. Nxd4 Nc6 5. Nc3 Bg7 6. Be3 Nf6 7. Nxc6 bxc6 8. e5 Ng8 9. Bd4 Qa5 10. Bc4 Bxe5 11. O-O Nh6 12. Re1 f6 13. Bxe5 fxe5 14.
Qd2 Nf5 15. Qg5 Rb8 16. g4 Nd4 17. Kg2 d6 18. f4 Rxb2 19. fxe5 Rxc2+ 20. Kh1 Rxh2+ 0-1

[Event "*** Titled Tuesday 3|2 Blitz"]
[Site "Chess.com"]
[Date "2016.09.06"]
[Round "1"]
[White "irmaak"]
[Black "Krutoy123"]
[Result "0-1"]
[WhiteElo "1677"]
[BlackElo "2389"]
[TimeControl "180+2"]
[EndTime "11:05:37 PDT"]
[Termination "Krutoy123 won by resignation"]

1. e4 c5 2. Nf3 e6 3. d4 cxd4 4. Nxd4 Nc6 5. c4 Qc7 6. Nc3 a6 7. Nxc6 dxc6 8. Bd3 Bd6 9. h3 Ne7 10. O-O Ng6 11. Be3 O-O 12. Ne2 Rd8 13. Qc2 c5 14. Rad1 Nf4 15. Nxf4 Bxf4 16. Bxf4 Qxf4 17. Qd2 Qc7 18. Qe3 e5 19. Bc2 Be6 20. b3 Qa5 21. Bb1 Rd4 22. f4 Rad8 23. Rxd4 cxd4 24. Qd3 exf4 25.
Rxf4 b5 26. e5 g6 27. Kh2 bxc4 28. bxc4 Qxe5 29. g3 Bf5 30. Qd1 Bxb1 31. Qxb1 d3 32. Rf2 h5 33. Kg2 Qe4+ 34. Kg1 Qe3 35. Kg2 d2 36.
Qd1 Rd3 0-1

[Event "*** Titled Tuesday 3|2 Blitz"]
[Site "Chess.com"]
[Date "2016.09.06"]
[Round "1"]
[White "Novak_Pezelj"]
[Black "RodinMihail"]
[Result "1-0"]
[WhiteElo "2595"]
[BlackElo "2327"]
[TimeControl "180+2"]
[EndTime "11:05:41 PDT"]
[Termination "Novak_Pezelj won by resignation"]

1. e4 e5 2. Nf3 Nc6 3. Be2 Nf6 4. d3 d5 5. Nbd2 Bd6 6. O-O O-O 7. c3 Ne7 8. Qc2 c6 9. Rd1 Ng6 10. Nf1 h6 11. Ng3 Qb6 12. h3 Qc7 13. b4 a5 14.
Rb1 axb4 15. cxb4 Re8 16. b5 Be6 17. b6 Qd7 18. a4 Nf4 19. Bxf4 exf4 20. Nf1 g5 21. e5 Be7 22. exf6 Bxf6 23. d4 Bf5 24. Bd3 Be4 25. N1d2 Bxd3 26. Qxd3 Rxa4 27. Nb3 Ra2 28. Nc5 Qc8 29. Re1 Be7 30. Ne5 Bxc5 31. dxc5 Re6 32. Nxf7 Qe8 33. Nxh6+ Kg7 34. Nf5+ Kf6 35. Rxe6+ Qxe6 36.
Nd4 Qe4 37. Qxe4 dxe4 38. Nxc6 Rc2 39. Na5 Rxc5 40. Nxb7 1-0

[Event "*** Titled Tuesday 3|2 Blitz"]
[Site "Chess.com"]
[Date "2016.09.06"]
[Round "1"]
[White "DaPazz"]
[Black "Aygehovit1992"]
[Result "0-1"]
[WhiteElo "1905"]
[BlackElo "2407"]
[TimeControl "180+2"]
[EndTime "11:06:00 PDT"]
[Termination "Aygehovit1992 won by resignation"]

1. f4 d5 2. Nf3 g6 3. e3 Bg7 4.
Be2 c5 5. O-O Nc6 6. Bb5 Bd7 7.
d3 Nh6 8. Bxc6 Bxc6 9. Ne5 Qc7 10. Nxc6 Qxc6 11. Nd2 Nf5 12. Qe2 h5 13. e4 Bd4+ 14. Kh1 Ne3 15. Rf3 Nxc2 16. exd5 Qxd5 17. Ne4 Nxa1 18. Be3 O-O-O 19. Rf1 Qxa2 20. Bxd4 cxd4 21. Rc1+ Kb8 22. Nc5 Nb3 0-1

[Event "*** Titled Tuesday 3|2 Blitz"]
[Site "Chess.com"]
[Date "2016.09.06"]
[Round "1"]
[White "Rumpel-VK"]
[Black "NoWuss2"]
[Result "1-0"]
[WhiteElo "2452"]
[BlackElo "2091"]
[TimeControl "180+2"]
[EndTime "11:06:08 PDT"]
[Termination "Rumpel-VK won by resignation"]

1. e4 Nc6 2. Nf3 d6 3. h3 Nf6 4.
d4 g6 5. d5 Ne5 6. Nxe5 dxe5 7.
Bd3 Bg7 8. Be3 O-O 9. Qd2 e6 10. c4 exd5 11. cxd5 a6 12. Nc3 b6 13. O-O Qd6 14.
Rac1 Nh5 15. Ne2 f5 16. f3 f4 17. Bf2 Bf6 18. Rc6 Qe7 19. Rfc1 Rf7 20. d6 Qf8 21.
Bc4 cxd6 22. Bxf7+ Kxf7 23. Rc7+ Be7 24. Qd5+ Be6 25.
Rxe7+ Kxe7 26. Rc7+ Bd7 27. Bh4+ Nf6 28. Bxf6+ 1-0

[Event "*** Titled Tuesday 3|2 Blitz"]
[Site "Chess.com"]
[Date "2016.09.06"]
[Round "1"]
[White "petrpalachev"]
[Black "talaicito"]
[Result "1-0"]
[WhiteElo "2419"]
[BlackElo "1958"]
[TimeControl "180+2"]
[EndTime "11:06:19 PDT"]
[Termination "petrpalachev won by resignation"]

1. d4 e6 2. c4 f5 3. g3 Nf6 4.
Bg2 Be7 5. Nc3 d6 6. Nf3 O-O 7.
O-O Ne4 8. Bd2 a5 9. Rc1 Bf6 10.
Qc2 Nxd2 11. Qxd2 Nc6 12. d5 Ne5 13. b3 Nxf3+ 14. exf3 e5 15. f4 exf4 16. gxf4 Qe8 17. Nb5 Qf7 18. a3 Bd8 19. Rfe1 Bd7 20. Nd4 Qh5 21.
Ne6 Rf6 22. c5 Rh6 23. h3 Rg6 24. Re3 dxc5 25. Nxc5 Rd6 26. Nxb7 Rb6 27. Nxd8 Rxd8 28. Qxa5 Rdb8 29. Rxc7 Bb5 30. Ree7 Qd1+ 31. Qe1 Qd4 32. Rxg7+ Qxg7 33. Rxg7+ Kxg7 34. Qe5+ Kg6 35. a4 Bd3 36. d6 Rxb3 37. d7 Rb1+ 38. Kh2 Rd8 39. Qd6+ Kf7 40. Qxd3 Ra1 41. Qxf5+ Ke7 42. Qe5+ Kxd7 43.
Qxa1 1-0

[Event "*** Titled Tuesday 3|2 Blitz"]
[Site "Chess.com"]
[Date "2016.09.06"]
[Round "1"]
[White "pKiLz5Rn9b"]
[Black "GremioPrudente"]
[Result "1-0"]
[WhiteElo "2432"]
[BlackElo "2052"]
[TimeControl "180+2"]
[EndTime "11:06:25 PDT"]
[Termination "pKiLz5Rn9b won on time"]

1. e4 e6 2. g3 d5 3. Bg2 dxe4 4. Bxe4 Nf6 5. Bg2 Be7 6. Nc3 O-O 7. Nge2 c6 8. O-O e5 9. d4 exd4 10. Qxd4 Bf5 11.
Bg5 Bxc2 12. Rac1 Qxd4 13. Nxd4 Bg6 14. Rfe1 Bc5 15. Nb3 Bb4 16. a3 Bxc3 17. Rxc3 Nbd7 18. Na5 h6 19. Bxf6 Nxf6 20. Nxb7 Rab8 21. Bxc6 Rfc8 22. Nd6 Rd8 23. Nc4 Rbc8 24. Ne5 Rb8 25. b4 a6 26. Nxg6 fxg6 27. Re7 Kh7 28. Bf3 Rbc8 29. Rxc8 Rxc8 30.
Ra7 Rc3 31. Bb7 Rxa3 32. Bxa6 Nd5 33. b5 Nc7 34. Rxc7 g5 35. Kg2 Kg6 36. Bc8 h5 37. b6 1-0

[Event "*** Titled Tuesday 3|2 Blitz"]
[Site "Chess.com"]
[Date "2016.09.06"]
[Round "1"]
[White "GMKrikor"]
[Black "Generalas"]
[Result "1-0"]
[WhiteElo "2505"]
[BlackElo "2181"]
[TimeControl "180+2"]
[EndTime "11:06:55 PDT"]
[Termination "GMKrikor won by resignation"]

1. e4 e5 2. Nf3 Nc6 3. Bc4 Nf6 4. d3 Be7 5. O-O O-O 6. Re1 d6 7. a4 Bg4 8. c3 Qd7 9. Nbd2 Rfe8 10. a5 a6 11. h3 Be6 12. b4 d5 13. exd5 Nxd5 14. Qb3 Nf4 15. Ne4 Bxc4 16. dxc4 Nd3 17. Rd1 Nxc1 18.
Raxc1 Qf5 19. Re1 Rad8 20. c5 Rd3 21. Ng3 Qf6 22. Qc4 Red8 23. Qe4 R3d5 24. Nf5 Bf8 25. Ne3 Rd3 26. Ng4 Qf4 27. Ngxe5 Qxe4 28. Rxe4 Rd1+ 29.
Rxd1 Rxd1+ 30. Kh2 Nxe5 31. Nxe5 g6 32. Rd4 Kg7 33. Rxd1 1-0

[Event "*** Titled Tuesday 3|2 Blitz"]
[Site "Chess.com"]
[Date "2016.09.06"]
[Round "1"]
[White "Quiet_Desperation"]
[Black "Lapitch"]
[Result "0-1"]
[WhiteElo "2255"]
[BlackElo "2541"]
[TimeControl "180+2"]
[EndTime "11:07:02 PDT"]
[Termination "Lapitch won by resignation"]

1. e4 Nf6 2. Nc3 e5 3. Nf3 Nc6 4. Bb5 Bc5 5. O-O Nd4 6. Bc4 d6 7. h3 O-O 8. d3 c6 9. Nxd4 Bxd4 10. Bg5 h6 11. Bh4 Be6 12. Bb3 a5 13. a3 Bxb3 14.
cxb3 Qe7 15. Kh1 g5 16. Bg3 Qe6 17. Rb1 d5 18. exd5 Nxd5 19. Ne4 f5 20. Nd2 Rad8 21. Nc4 f4 22. Bh2 f3 23. g4 h5 24. Qd2 Nf4 25.
Bxf4 Rxf4 26. Rg1 hxg4 27. Ne3 Kf7 28. Nxg4 Rh8 29. Rg3 Rxg4 30. Rxf3+ Rf4 0-1

[Event "*** Titled Tuesday 3|2 Blitz"]
[Site "Chess.com"]
[Date "2016.09.06"]
[Round "1"]
[White "Saitama_Hero"]
[Black "Imre91"]
[Result "1-0"]
[WhiteElo "2268"]
[BlackElo "2512"]
[TimeControl "180+2"]
[EndTime "11:07:05 PDT"]
[Termination "Saitama_Hero won on time"]

1. d4 d5 2. c4 c6 3. cxd5 cxd5 4.
Nc3 Nf6 5. f3 Bf5 6. g4 Bg6 7. g5 Nh5 8. e4 e6 9. f4 dxe4 10. Be2 Nc6 11. Bxh5 Bxh5 12. Qxh5 Nxd4 13. Qd1 Qb6 14. Be3 Nc2+ 15. Qxc2 Qxe3+ 16. Nge2 Rd8 17. Qa4+ Ke7 18. Qb4+ Ke8 19. Qb5+ Ke7 20. Qxb7+ Rd7 21. Qb4+ Ke8 22. Qxe4 Qd2+ 23. Kf1 Bd6 24. Kg2 Qxb2 25. Rab1 Qa3 26. Rhd1 Qa6 27. Nb5 1-0

[Event "*** Titled Tuesday 3|2 Blitz"]
[Site "Chess.com"]
[Date "2016.09.06"]
[Round "1"]
[White "WinnieTPooh"]
[Black "pedromartinez91"]
[Result "1-0"]
[WhiteElo "1830"]
[BlackElo "2390"]
[TimeControl "180+2"]
[EndTime "11:07:07 PDT"]
[Termination "WinnieTPooh won by checkmate"]

1. d4 d5 2. c4 e6 3. Nf3 Be7 4. g3 Nf6 5. Bg2 O-O 6. O-O dxc4 7. Na3 Bxa3 8. bxa3 b5 9. a4 a6 10. Ba3 Re8 11.
Ne5 Nd5 12. e4 Nc3 13. Qh5 Nxa4 14. Qxf7+ Kh8 15. Qh5 Kg8 16. Qf7+ Kh8 17. Rad1 Nc3 18. Rd2 Bd7 19. f4 Qf6 20. Qh5 Kg8 21. d5 g6 22. Qh6 exd5 23. exd5 b4 24. Bxb4 Qb6+ 25. Kh1 Qxb4 26. Nxg6 Qd6 27. f5 Ne4 28. Bxe4 Rxe4 29. f6 Be8 30. Qg7# 1-0

[Event "*** Titled Tuesday 3|2 Blitz"]
[Site "Chess.com"]
[Date "2016.09.06"]
[Round "1"]
[White "Wolverine_master"]
[Black "CroatianPower"]
[Result "0-1"]
[WhiteElo "2015"]
[BlackElo "2445"]
[TimeControl "180+2"]
[EndTime "11:07:10 PDT"]
[Termination "CroatianPower won by checkmate"]

1. e4 e6 2. d4 d5 3. Nd2 c5 4.
c3 Nc6 5. Ngf3 Nf6 6. e5 Nd7 7. Bb5 cxd4 8. cxd4 Qb6 9. Bxc6 bxc6 10. O-O Ba6 11. Re1 Be7 12. Nb3 O-O 13. Bg5 Bb4 14. Bd2 Bc4 15. Bxb4 Qxb4 16. Qd2 Rfb8 17. Qxb4 Rxb4 18.
Nfd2 a5 19. Rab1 a4 20. Nxc4 Rxc4 21. Nc5 Nxc5 22. dxc5 Rb8 23. b4 axb3 24. Rxb3 Rxb3 25. axb3 Rxc5 26. Ra1 f6 27. exf6 gxf6 28. g3 Kf7 29. Ra7+ Kg6 30. Kg2 e5 31. h4 d4 32. Kf3 Rc3+ 33.
Ke4 Rxb3 34. Rc7 Rc3 35. f4 Re3# 0-1

[Event "*** Titled Tuesday 3|2 Blitz"]
[Site "Chess.com"]
[Date "2016.09.06"]
[Round "1"]
[White "MateusViageiro"]
[Black "dretch"]
[Result "1-0"]
[WhiteElo "2360"]
[BlackElo "2616"]
[TimeControl "180+2"]
[EndTime "11:07:16 PDT"]
[Termination "MateusViageiro won by resignation"]

1. d4 d5 2. Nf3 Nf6 3. g3 Bf5 4. Bg2 e6 5. O-O Be7 6. Nbd2 h6 7. c4 c6 8. b3 O-O 9. Bb2 Nbd7 10. Ne5 a5 11. Re1 a4 12. bxa4 Qa5 13. Nxd7 Nxd7 14. cxd5 exd5 15. e4 dxe4 16. Nxe4 Qxa4 17. Qxa4 Rxa4 18.
Nc3 Rb4 19. Ba3 Ra8 20. Bxb4 Bxb4 21. Rec1 Ba3 22. d5 Bxc1 23. Rxc1 Ne5 24. dxc6 bxc6 25. a4 Ra5 26. f4 Nd3 27. Rd1 Rc5 28. Ne4 Rd5 29. Nf2 Nxf2 30. Rxd5 cxd5 31. Kxf2 Kf8 32. Bxd5 Ke7 33. Ke3 f6 34. Kd4 Kd6 35. a5 Bc8 36.
Bc4 Kc6 37. Bd3 Be6 38. a6 Kb6 39. Bc4 Bh3 40. Kd5 Kc7 41. Kc5 Bc8 42. Bb5 g5 43. h4 gxf4 44. gxf4 f5 45. a7 Bb7 46. Bc4 Ba8 47.
Bd5 Bxd5 48. Kxd5 Kb7 49. Ke5 1-0

[Event "*** Titled Tuesday 3|2 Blitz"]
[Site "Chess.com"]
[Date "2016.09.06"]
[Round "1"]
[White "AllStarShark"]
[Black "Dlugy"]
[Result "0-1"]
[WhiteElo "2287"]
[BlackElo "2562"]
[TimeControl "180+2"]
[EndTime "11:07:28 PDT"]
[Termination "Dlugy won by checkmate"]

1. d4 d5 2. Bf4 Bf5 3. e3 e6 4.
Bd3 Bxd3 5. Qxd3 Nc6 6. c3 Bd6 7. Bxd6 cxd6 8. Nf3 Qb6 9. Qc2 Rc8 10. O-O Nf6 11.
Nbd2 O-O 12. Qb3 Qa6 13. Rfe1 Ne4 14. Nxe4 dxe4 15. Nd2 d5 16. Rac1 Na5 17. Qa3 Rc6 18. b4 Nc4 19. Nxc4 Rxc4 20. Qxa6 bxa6 21. Re2 Rfc8 22.
Rec2 a5 23. a3 f5 24. g3 Kf7 25. Kf1 axb4 26. axb4 a5 27. bxa5 Ra4 28. Ke2 Rcc4 29. Rb1 Rxa5 30. Rb3 Ra1 31. h4 Kf6 32. Rb8 Rg1 33.
Rf8+ Ke7 34. Rh8 h6 35. Rg8 Kf7 36. Rb8 Ra4 37. c4 dxc4 38. Rc8 Raa1 39. R8xc4 Rad1 40. f4 Rde1+ 41. Kf2 Ref1+ 42. Ke2 Rf3 43. Rc7+ Kf6 44. R7c3 Rfxg3 45. d5 R3g2# 0-1

[Event "*** Titled Tuesday 3|2 Blitz"]
[Site "Chess.com"]
[Date "2016.09.06"]
[Round "1"]
[White "cassoulet"]
[Black "Alexander_Moskalenko"]
[Result "0-1"]
[WhiteElo "2335"]
[BlackElo "2619"]
[TimeControl "180+2"]
[EndTime "11:07:29 PDT"]
[Termination "Alexander_Moskalenko won by checkmate"]

1. e4 c5 2. Nf3 d6 3. Bb5+ Nd7 4.
O-O Nf6 5. Re1 a6 6. Bf1 b6 7. d4 cxd4 8. Nxd4 Bb7 9. Nc3 e6 10. a4 Be7 11. Bg5 O-O 12. Qf3 Ne5 13. Qh3 Rc8 14.
Rad1 Re8 15. f4 Nc4 16. e5 Nd7 17. Nxe6 fxe6 18. Qxe6+ Kh8 19. Bxc4 Bxg5 20. Qxd6 Bh4 21. g3 Rxc4 22. Qxd7 Qxd7 23. Rxd7 Bc6 24. Rd3 Be7 25. Red1 Bc5+ 26. Kf1 g5 27. b3 Rb4 28. Rd8 Kg7 29. Rxe8 Bxe8 30. f5 Rd4 31. Re1 Bc6 32. Ke2 h5 33. Rf1 g4 34. Rf4 Bf3+ 35. Ke3 Rd5+ 36. Rd4 Bxd4+ 37. Kf4 Bxe5+ 38. Kg5 Bf6+ 39. Kxh5 Rxf5# 0-1

[Event "*** Titled Tuesday 3|2 Blitz"]
[Site "Chess.com"]
[Date "2016.09.06"]
[Round "1"]
[White "Anton_Demchenko"]
[Black "Misha_Bilous"]
[Result "0-1"]
[WhiteElo "2608"]
[BlackElo "2360"]
[TimeControl "180+2"]
[EndTime "11:07:41 PDT"]
[Termination "Misha_Bilous won by resignation"]

1. e4 c5 2. Nf3 Nc6 3. Nc3 e5 4. Bc4 d6 5. d3 Be7 6. O-O Nf6 7. h3 O-O 8. a3 Be6 9. Ng5 Bxc4 10. dxc4 Nd4 11. b3 Ne8 12. Nf3 Nc7 13. Re1 Nce6 14.
Nd5 Nxf3+ 15. Qxf3 Nd4 16. Qd1 f5 17. c3 Ne6 18.
exf5 Rxf5 19. Qg4 g6 20. Be3 Bg5 21. Rad1 Qf8 22. h4 Bxe3 23. Nxe3 Rf6 24. Rxd6 Qxd6 25. Nd5 Rf5 26. h5 Nf4 27. hxg6 hxg6 28. Ne3 Rff8 29. Rd1 Qe6 30. Qxe6+ Nxe6 31. Rd5 b6 32. Rxe5 Nf4 33.
g3 Nd3 34. Re6 Kg7 35. Nd5 Rae8 36. Rc6 Re1+ 37. Kh2 Rxf2+ 38. Kh3 Rh1+ 39. Kg4 Ne5+ 0-1

[Event "*** Titled Tuesday 3|2 Blitz"]
[Site "Chess.com"]
[Date "2016.09.06"]
[Round "1"]
[White "E-Shaposhnikov"]
[Black "chessdude"]
[Result "1-0"]
[WhiteElo "2648"]
[BlackElo "2344"]
[TimeControl "180+2"]
[EndTime "11:07:44 PDT"]
[Termination "E-Shaposhnikov won by resignation"]

1. Nf3 d5 2. d4 Nf6 3. c4 e6 4.
Nc3 Bb4 5. e3 O-O 6. Bd3 b6 7.
cxd5 exd5 8. O-O Ba6 9. Bxa6 Nxa6 10. Bd2 Re8 11. Rc1 Bf8 12. Qa4 Qc8 13. Rfd1 c5 14. Nb5 Qb7 15. Ne5 Rac8 16. Be1 Re6 17. Nd3 c4 18.
Nf4 Rec6 19. a3 Ra8 20. b3 Rac8 21. b4 Ra8 22. e4 Nc7 23. e5 a5 24. Nxc7 Rxc7 25.
exf6 axb4 26. Qb5 Ra5 27. Qe8 Ra8 28. Qe5 bxa3 29. Nxd5 Rd7 30. fxg7 Bxg7 31. Nf6+ Kh8 32.
d5 Rad8 33. Qf5 Bxf6 34. Qxf6+ Kg8 35. Bc3 1-0

[Event "*** Titled Tuesday 3|2 Blitz"]
[Site "Chess.com"]
[Date "2016.09.06"]
[Round "1"]
[White "Haridaskesavan"]
[Black "joppie2"]
[Result "0-1"]
[WhiteElo "2201"]
[BlackElo "2511"]
[TimeControl "180+2"]
[EndTime "11:07:46 PDT"]
[Termination "joppie2 won by resignation"]

1. e4 e5 2. Nf3 d6 3. Bc4 Be7 4. d3 Nf6 5. O-O O-O 6. Nbd2 c6 7. Bb3 Nbd7 8. Re1 Nc5 9. Nf1 Nxb3 10. axb3 Be6 11. c4 h6 12. Ng3 a6 13. h3 Re8 14.
d4 Qc7 15. d5 Bd7 16. Be3 b5 17. Rc1 Qb7 18. c5 cxd5 19. exd5 Nxd5 20. cxd6 Bxd6 21. Ne4 Bb4 22. Bc5 Bxe1 23. Nd6 Qc6 24. Nxe8 Rxe8 25. Qxe1 Nf4 26. Be3 Qg6 27. Bxf4 exf4 28. Qc3 Rc8 29. Qd2 Rxc1+ 30. Qxc1 Bxh3 31. Nh4 Qg5 32. Qe1 Qxh4 33. gxh3 Qxh3 34. Qe8+ Kh7 35. Qe4+ f5 36. Qxf4 Qg4+ 37.
Qxg4 fxg4 0-1

[Event "*** Titled Tuesday 3|2 Blitz"]
[Site "Chess.com"]
[Date "2016.09.06"]
[Round "1"]
[White "Sanan_Sjugirov"]
[Black "biostatistician"]
[Result "1-0"]
[WhiteElo "2710"]
[BlackElo "2376"]
[TimeControl "180+2"]
[EndTime "11:07:47 PDT"]
[Termination "Sanan_Sjugirov won by resignation"]

1. d4 Nf6 2. Nf3 g6 3. Bg5 Bg7 4. Nbd2 O-O 5. e3 b6 6. Bd3 Bb7 7. c3 c5 8. Qe2 d6 9. O-O Qc7 10. e4 cxd4 11. cxd4 Nc6 12. Rac1 Qd8 13. d5 Nb4 14.
Bc4 a5 15. a3 Na6 16. Rfd1 h6 17. Be3 Nc5 18. Bd4 a4 19. h3 Nh5 20. Bxg7 Kxg7 21. Nd4 Rc8 22. Bb5 Nf6 23. Qe3 Qc7 24.
Rc3 Qb8 25. Bc6 Ba6 26. f4 e5 27. dxe6 Nxe6 28. e5 dxe5 29. fxe5 Nh7 30. N2f3 Nhg5 31.
Nxg5 Nxg5 32. e6 fxe6 33. Nxe6+ Nxe6 34. Qxe6 Rf7 35. Rd6 1-0

[Event "*** Titled Tuesday 3|2 Blitz"]
[Site "Chess.com"]
[Date "2016.09.06"]
[Round "1"]
[White "geordie_derraugh"]
[Black "Rsnr"]
[Result "0-1"]
[WhiteElo "2165"]
[BlackElo "2499"]
[TimeControl "180+2"]
[EndTime "11:07:54 PDT"]
[Termination "Rsnr won by resignation"]

1. e4 c6 2. d4 d5 3. exd5 cxd5 4. Nf3 Nc6 5. c3 Qc7 6. Bd3 Bg4 7. O-O e6 8. h3 Bh5 9. Re1 Bd6 10. b4 Nge7 11. Na3 a6 12. Rb1 Bg6 13. b5 Bxd3 14. Qxd3 Na5 15. Ng5 h6 16. Nf3 O-O 17. Ne5 Rfc8 18.
Bb2 Bxe5 19. Rxe5 Nc4 20. Nxc4 Qxc4 21. Qxc4 Rxc4 22. Ba3 Nf5 23. bxa6 Rxa6 24. Bc5 Rxa2 25. Rxb7 Rxc3 26. Re1 Rcc2 27. Rf1 Rd2 28. Rb4 Ne3 29. Re1 Nc2 30. Rb8+ Kh7 31. Reb1 Nxd4 32. Bxd4 Rxd4 33. Rf8 Rf4 34. f3 h5 35. Rbb8 h4 36. Rb3 Kg6 37.
Rc8 d4 38. Rc4 e5 39. Kh2 Rf5 40. Rd3 Rg5 41. Rc6+ f6 0-1

[Event "*** Titled Tuesday 3|2 Blitz"]
[Site "Chess.com"]
[Date "2016.09.06"]
[Round "1"]
[White "Drags95"]
[Black "FairChess_on_YouTube"]
[Result "0-1"]
[WhiteElo "2365"]
[BlackElo "2701"]
[TimeControl "180+2"]
[EndTime "11:08:00 PDT"]
[Termination "FairChess_on_YouTube won by resignation"]

1. e4 c5 2. Nf3 d6 3. d4 cxd4 4. Nxd4 Nf6 5. Nc3 a6 6. Bg5 Nbd7 7. f4 g6 8. Bc4 Bg7 9. Qe2 e5 10. Nf3 exf4 11. Bxf4 Qc7 12. O-O-O Ne5 13. Nxe5 dxe5 14. Bg5 Bg4 15. Qf1 Qc6 16. Nd5 Nxd5 17. Bxd5 Qc7 18. Rd3 O-O 19. h3 Be6 20. Qf3 Rac8 21. c3 Bxd5 22.
Rxd5 Qc4 23. Kb1 f5 24. exf5 e4 25. Qd1 gxf5 26. Rf1 Rce8 27. Be3 f4 28. Rxf4 Rxf4 29. Bxf4 e3 30. Rd8 Qe4+ 31. Ka1 e2 32. Rxe8+ Qxe8 33. Qe1 Qe4 34. Bd2 Qxg2 35. h4 Be5 36. h5 Bg3 37. Qb1 Qf1 0-1